 Dungeon Crawl Stone Soup version 0.30-a0-313-gae38170b09 (webtiles) character file.

Game seed: 8408275766840658119

60 retardedninja the Trooper (level 4, 0/41 HPs)
             Began as a Hill Orc Fighter on Oct 26, 2022.
             Succumbed to Crazy Yiuf's poison
             ... on level 2 of the Dungeon.
             The game lasted 00:03:38 (2057 turns).

retardedninja the Trooper (Hill Orc Fighter)        Turns: 2057, Time: 00:03:38

Health: 0/41       AC:  6    Str: 20    XL:     4   Next: 4%
Magic:  3/3        EV:  9    Int:  8    God:
Gold:   65         SH:  0    Dex: 10    Spells: 3/3 levels left

rFire   . . .      SeeInvis .    a - +0 war axe
rCold   . . .      Faith    .    c - +0 buckler
rNeg    . . .      Spirit   .    b - +0 scale mail
rPois   .          Reflect  .    (no helmet)
rElec   .          Harm     .    (no cloak)
rCorr   .          Rampage  .    (no gloves)
Will    .....                    (no boots)
Stlth   ..........               (no amulet)
HPRegen 0.26/turn                (no ring)
MPRegen 0.08/turn                (no ring)

@: confused, lethally poisoned (0 -> -13)
A: low MP 1
a: no special abilities


You were on level 2 of the Dungeon.
You visited 1 branch of the dungeon, and saw 2 of its levels.

You collected 65 gold pieces.

Inventory:

Hand Weapons
 a - a +0 war axe (weapon)
Missiles
 o - a throwing net (quivered)
Armour
 b - a +0 scale mail (worn)
 c - a +0 buckler (worn)
Scrolls
 e - 4 scrolls of teleportation {unknown}
 g - 2 scrolls of torment {unknown}
 i - a scroll of noise {unknown}
 j - a scroll of immolation {unknown}
 k - 2 scrolls of identify {unknown}
 l - 2 scrolls of enchant armour {unknown}
 n - 2 scrolls of brand weapon {unknown}
 q - a scroll of vulnerability {unknown}
Potions
 d - a potion of might
 f - a potion of lignification {unknown}
 m - a potion of heal wounds {unknown}
 p - a potion of curing {unknown}


   Skills:
 + Level 4.8 Fighting
 + Level 3.3 Axes
 + Level 3.6 Armour
 + Level 0.1 Stealth
 + Level 3.7 Shields


You had 3 spell levels left.
You didn't know any spells.
Your spell library contained the following spells:

 Spells                   Type           Power      Damage    Failure   Level
 Kiss of Death            Conj/Necr      0%         2d5       85%         1
 Confusing Touch          Hex            0%         N/A       99%         3
 Vhi's Electric Charge    Tloc/Air       0%         N/A       99%         3
 Dispel Undead            Necr           0%         3d6       100%        4
 Arcjolt                  Conj/Air       0%         1d10      100%        5
 Maxwell's Capacitive Co  Air            0%         ∞         100%        8


Dungeon Overview and Level Annotations

Branches:
Dungeon (2/15)

Altars:

Shops:
D:1 (   D:2 (

Annotations:
D:2 Crazy Yiuf


Innate Abilities, Weirdness & Mutations

Your magical capacity is low. (-10% MP)


Message History

You slash the giant cockroach!
You kill the giant cockroach!
No target in view!
No target in view!
No target in view!
No target in view!
No target in view!
No target in view!
Found a hammer.
Found a runed translucent door.
Crazy Yiuf shouts!
You see here a ball python corpse.
You see here a +0 short sword.
There is a faded altar of an unknown god here.
You see here a +0 robe.
You see here a +0 robe.
There is a faded altar of an unknown god here.
There is a stone staircase leading up here.
There is a stone staircase leading down here.
You see here a +0 dagger of protection.
You see here a ball python skeleton.
Crazy Yiuf shouts!
You open the door. You slash Crazy Yiuf!
Crazy Yiuf is severely wounded.
Crazy Yiuf laughs, "Trifle!
Spliff rumpyflump forty-two."
Crazy Yiuf hits you with a +4 quarterstaff of chaos!
Crazy Yiuf burns you.
You completely miss Crazy Yiuf.
Crazy Yiuf is severely wounded.
Crazy Yiuf hits you with a +4 quarterstaff of chaos!
* * * LOW HITPOINT WARNING * * *
You are confused.
You bump into the stone wall.
Crazy Yiuf hits you with a +4 quarterstaff of chaos!
* * * LOW HITPOINT WARNING * * *
You are lethally poisoned!
Unknown command.
It was a potion of mutation.
You feel extremely strange.
You feel less energetic.
You die...

#.# #.# #.....#.#
#.# #.# #.###
######### #.# #.#
#...# #.# #.########
##### #.# #......#
#)..# ##########.#
######.# #...#
#........... #.# ...
##########.# ##.###
#g# ##########..
#....# ♣@♣♣
#........... #..###
♣♣.♣ #####......#
#..# ♣.♣♣ #.#####.
#.÷# ♣♣.♣ #.# #.
#..# ♣♣.♣♣ #.# #.
#..### ♣♣...♣ #.# #.
#....# ♣....♣
#####.#####. #..###
#....# #...........
#######....####....#
#..#########


You could see Crazy Yiuf.

Vanquished Creatures
  2 adders (D:2)
  3 ball pythons
  5 bats
  7 endoplasms
  3 giant cockroaches
  3 goblins
  5 hobgoblins
  2 kobolds
  2 quokkas
  2 frilled lizards (D:2)
  2 rats
36 creatures vanquished.

Notes
Turn   | Place    | Note
-------+----------+-------------------------------------------
     0 | D:1      | retardedninja the Hill Orc Fighter began the quest for the
                  | Orb.
     0 | D:1      | Reached XP level 1. HP: 19/19 MP: 1/1
   105 | D:1      | Reached XP level 2. HP: 27/27 MP: 2/2
   153 | D:1      | Reached skill level 4 in Fighting
   341 | D:1      | Found Xopauj's Weapon Shop.
   904 | D:2      | Found Deif's Antique Weapon Emporium.
   956 | D:2      | Reached XP level 3. HP: 33/33 MP: 3/3
   992 | D:2      | Found a faded altar of an unknown god.
  1692 | D:2      | Reached XP level 4. HP: 40/41 MP: 4/4
  1812 | D:2      | Found a runed translucent door.
  1813 | D:2      | Noticed Crazy Yiuf
  2057 | D:2      | Gained mutation: Your magical capacity is low. (-10% MP)
                  | [potion of mutation]
  2057 | D:2      | Succumbed to Crazy Yiuf's poison

Illustrated notes

Levels and vault maps discovered:
D:1:      dpeg_arrival_oval, layout_basic, serial_shops,
          nicolae_shop_window_shopping, solitary_fountain
D:2:      layout_loops_ring, serial_shops,
          nicolae_shop_temple_entry_statues_fountains,
          shapermc_ecumenical_altar_venn, uniq_crazy_yiuf_cottage

Skill      XL: |  1  2  3 |
---------------+----------+-----
Fighting       | 4 |  4.8
Axes           | 3 |  3.3
Armour         | |  3.6
Stealth        | |  0.1
Shields        | |  3.7

Action                   |  1- 3 |  4- 6 || total
-------------------------+-------+-------++-------
Melee: War axe           |    94 |     4 ||    98
  Use: Potion            |       |     1 ||     1
Armor: Scale mail        |    52 |       ||    52
Dodge: Dodged            |    31 |       ||    31
Block: Buckler           |    16 |       ||    16

Table legend: (Time is in decaauts)
 A = Elapsed time spent in this place.
 B = Non-inter-level travel time spent in this place.
 C = Inter-level travel time spent in this place.
 D = Time resting spent in this place.
 E = Time spent auto-exploring this place.
 F = Levels seen in this place.
 G = Mean time per level.
                   A        B        C        D        E       F      G
               +--------+--------+--------+--------+--------+-----+--------+
         Total |   2094 |   2059 |     35 |    100 |   1693 |   2 | 1047.0 |
       Dungeon |   2094 |   2059 |     35 |    100 |   1693 |   2 | 1047.0 |
               +--------+--------+--------+--------+--------+-----+--------+

Top non-repeatable levels by time:
     D:2: 1176 daAuts
     D:1: 917 daAuts
